 Dungeon Crawl Stone Soup version 0.26-a0-739-gf55cbd344a (webtiles) character file.

Game seed: 10699014480571262349

1143 snetch the Chopper (level 8, -3/68 HPs)
             Began as a Hill Orc Monk on Nov 5, 2020.
             Was a Priest of Beogh.
             Slain by a hornet (11 damage)
             ... on level 5 of the Dungeon.
             The game lasted 00:15:02 (4886 turns).

snetch the Chopper (Hill Orc Monk)                  Turns: 4886, Time: 00:15:03

Health: -3/68      AC:  8    Str: 16    XL:     8   Next: 37%
Magic:  8/8        EV: 13    Int: 10    God:    Beogh [***...]
Gold:   365        SH:  4    Dex: 13    Spells: 7/7 levels left

rFire    . . .     SeeInvis .   b - +1 flail (protect)
rCold    . . .     Faith    .   m - +0 buckler
rNeg     . . .     Spirit   .   x - +0 steam dragon scales
rPois    .         Reflect  .   (no helmet)
rElec    .         Harm     .   (no cloak)
rCorr    .         Rampage  .   q - +0 pair of gloves
MR       .....     Rnd*Tele +   v - +0 pair of boots
Stlth    ++........             r - amulet of regeneration
HPRegen  0.61/turn              G - ring of teleportation (curse)
MPRegen  0.11/turn              A - ring of flight

@: lethally poisoned (-3 -> -21), slowed, very slow
A: no striking features
a: Smiting, Renounce Religion, Evoke Flight


You were on level 5 of the Dungeon.
You worshipped Beogh.
Beogh was most pleased with you.
You visited 2 branches of the dungeon, and saw 7 of its levels.

You collected 365 gold pieces.

Inventory:

Hand Weapons
 a - a +0 war axe
 b - a +1 flail of protection (weapon)
 c - a +2 vampiric whip
 g - a +2 hunting sling of flaming
Missiles
 d - 181 stones
 i - 14 boomerangs
 j - 52 sling bullets
 n - 40 bolts
 s - 46 arrows
 t - 17 poisoned darts (quivered)
Armour
 m - a +0 buckler (worn)
 q - a +0 pair of gloves (worn)
 v - a +0 pair of boots (worn)
 x - +0 steam dragon scales (worn)
 H - a +0 chain mail
Jewellery
 r - an amulet of regeneration (around neck)
 A - a ring of flight (right hand)
 G - a cursed ring of teleportation (left hand)
Scrolls
 e - 9 scrolls of remove curse {unknown}
 h - a scroll of magic mapping {unknown}
 k - 2 scrolls of teleportation {unknown}
 o - a scroll of random uselessness {unknown}
 p - a scroll of fog {unknown}
 u - a scroll of enchant weapon {unknown}
 w - a scroll of enchant armour {unknown}
 y - 3 scrolls of blinking {unknown}
 z - a scroll of amnesia {unknown}
 D - 2 scrolls of identify {unknown}
 K - a scroll of fear {unknown}
Potions
 f - a potion of heal wounds
 l - 2 potions of ambrosia {unknown}
 B - 3 potions of curing {unknown}
 C - a potion of degeneration {unknown}
 E - a potion of mutation {unknown}
 F - a potion of brilliance {unknown}
 I - 2 potions of might {unknown}
 J - a potion of invisibility {unknown}
 L - a potion of lignification {unknown}


   Skills:
 + Level 5.2 Fighting
 + Level 7.6(8.2) Axes
 + Level 3.8(5.6) Maces & Flails
 + Level 1.9 Throwing
 + Level 3.3 Armour
 + Level 3.6 Dodging
 + Level 2.7 Stealth
 + Level 2.9 Shields


You had 7 spell levels left.
You didn't know any spells.
Your spell library was empty.

Dungeon Overview and Level Annotations

Branches:
Dungeon (6/15)             Temple (1/1) D:4

Altars:
Dithmenos
Elyvilon
Hepliaklqana
Kikubaaqudgha
Makhleb
Okawaru
Qazlal
Sif Muna
Trog
Uskayaw
Wu Jian
Xom
Yredelemnul
Zin
The Shining One

Annotations:
D:3 1 runed translucent door, g3ss's ghost, amateur DsAK
D:6 Grinder


Message History

You are more poisoned.
You shrug off the repeated paralysis!
The hornet stings you!
You feel as though you will be slow longer.
You closely miss the hornet.
The hornet is almost dead.
You feel very sick. The hornet completely misses you. The hornet stings you!
* * * LOW HITPOINT WARNING * * *
You are more poisoned.
You feel as though you will be slow longer.
Your +1 flail of protection hums with potential!
b - a +1 flail of protection (weapon)
* * * LOW HITPOINT WARNING * * *
You feel sick.
The hornet looks more healthy.
The hornet completely misses you.
You closely miss the hornet.
The hornet is almost dead.
* * * LOW HITPOINT WARNING * * *
You feel very sick. The hornet stings you!
You die...

.# ..# #..#
########..####
#(..y@........
#.####....####
######.#.#####
#.....>....[..
#.....(#.#####
######.#<# #
#.### ## #.#
.## ...


You could see a hornet.

Vanquished Creatures
  A steam dragon (D:5)
  4 ogres
  A bullfrog (D:6)
  A scorpion (D:5)
  A howler monkey (D:4)
  A quasit (D:6)
  A hound (D:4)
  2 bullfrog skeletons (D:4)
  2 iguanas (D:4)
  An orc wizard (D:5)
  5 worker ants
  3 gnolls (D:3)
  6 adders
  A shadow imp (D:5)
  A white imp (D:6)
  An ufetubus (D:5)
  An ooze (D:5)
  An adder skeleton (D:4)
  An adder zombie (D:5)
  2 dart slugs
  2 leopard geckos
  9 orcs
  A ball python (D:2)
  6 giant cockroaches
  7 goblins
  4 hobgoblins
  10 jackals
  7 quokkas
  7 bats
  6 frilled lizards
  11 kobolds
  8 rats
115 creatures vanquished.

Vanquished Creatures (others)
  A hound (D:4)
  3 orcs (D:4)
  2 jackals (D:4)
6 creatures vanquished.

Grand Total: 121 creatures vanquished

Notes
Turn   | Place    | Note
-------+----------+-------------------------------------------
     0 | D:1      | snetch the Hill Orc Monk began the quest for the Orb.
     0 | D:1      | Reached XP level 1. HP: 19/19 MP: 1/1
   158 | D:1      | Reached XP level 2. HP: 9/27 MP: 2/2
  1311 | D:1      | Reached XP level 3. HP: 33/33 MP: 3/3
  1779 | D:2      | Found a bloodstained altar of Trog.
  1855 | D:2      | Reached skill level 5 in Axes
  1913 | D:4      | Reached XP level 4. HP: 40/40 MP: 4/4
  1949 | D:3      | Reached XP level 5. HP: 14/46 MP: 5/5
  2015 | D:4      | Reached skill level 1 in Armour
  2019 | D:4      | Reached skill level 1 in Shields
  2248 | D:2      | Reached skill level 1 in Throwing
  2332 | D:2      | Reached XP level 6. HP: 52/52 MP: 6/6
  2506 | D:2      | Found a shimmering blue altar of Sif Muna.
  2863 | D:4      | Became a worshipper of Beogh the Brigand
  2863 | D:4      | Reached * piety under Beogh
  2863 | D:4      | Reached ** piety under Beogh
  3023 | D:3      | Reached skill level 6 in Axes
  3247 | D:3      | Found a runed translucent door.
  3248 | D:3      | Noticed a two-headed ogre
  3248 | D:3      | Noticed g3ss's ghost (amateur DsAK)
  3280 | D:3      | Found a white marble altar of Elyvilon.
  3280 | D:3      | Found an iron altar of Okawaru.
  3740 | D:5      | Entered Level 5 of the Dungeon
  3801 | D:4      | Reached skill level 1 in Maces & Flails
  3928 | D:4      | Reached XP level 7. HP: 44/60 MP: 7/7
  4156 | D:4      | Found a staircase to the Ecumenical Temple.
  4198 | Temple   | Entered the Ecumenical Temple
  4399 | D:4      | Found a glowing silver altar of Zin.
  4585 | D:5      | Noticed a steam dragon
  4609 | D:5      | Killed a steam dragon
  4609 | D:5      | Reached skill level 5 in Fighting
  4609 | D:5      | Reached skill level 7 in Axes
  4621 | D:5      | Reached XP level 8. HP: 26/68 MP: 8/8
  4726 | D:6      | Found a burning altar of Makhleb.
  4765 | D:6      | Noticed Grinder
  4767 | D:6      | Noticed a hornet
  4863 | D:5      | Reached *** piety under Beogh
  4877 | D:5      | Paralysed by a hornet for 1 turns
  4880 | D:5      | Paralysed by a hornet for 3 turns
  4886 | D:5      | Slain by a hornet

Illustrated notes

Levels and vault maps discovered:
D:1:      lightli_arrival_quake, layout_basic, hex_medium,
          minmay_worlds_worst_comb
D:2:      layout_basic, lemuel_crystal_altar, bloody_trog
D:3:      layout_loops_ring, gammafunk_temple_overflow_elements,
          ebering_ghost_inner_flame
D:4:      layout_rooms, kennysheep_little_box, minmay_temple_entry_waves
D:5:      minmay_polygon_palace, layout_basic, serial_corexii_hall,
          corexii_hall_statues_x, chequers_hall_statues_corner_a
D:6:      layout_cave_pools, minitemple, serial_column_ruins, column_ruins_hut,
          column_ruins_hut, column_ruins_grid_3, column_ruins_open_small_water,
          column_ruins_columns_straight, column_ruins_grid_1,
          column_ruins_grid_3, column_ruins_grid_1, serial_bayou_lake_a,
          uniq_menkaure, uniq_grinder, uniq_sigmund
Temple:   kb_temple_of_zot

Skill      XL: |  1  2  3  4  5  6  7 |
---------------+----------------------+-----
Fighting       | 4 5 |  5.2
Axes           | 5 6 7 |  7.6
Stealth        | 2 |  2.7
Armour         | 1 3 |  3.3
Dodging        | 3 |  3.6
Shields        | 1 2 |  2.9
Throwing       | 1 |  1.9
Maces & Flails | 1 3 |  3.8

Action                   |  1- 3 |  4- 6 |  7- 9 || total
-------------------------+-------+-------+-------++-------
Melee: Hand axe          |   119 |    47 |       ||   166
       War axe           |       |   107 |    47 ||   154
       Flail             |       |    46 |    62 ||   108
Throw: Dart              |     5 |    19 |    23 ||    47
Invok: Convert to Beogh  |       |     1 |       ||     1
  Use: Potion            |       |     1 |     1 ||     2
 Stab: Sleeping          |     6 |       |     1 ||     7
Armor: Robe              |    11 |       |       ||    11
       Ring mail         |    10 |    68 |       ||    78
       Chain mail        |       |    29 |     8 ||    37
       Steam dragon scal |       |       |    56 ||    56
Dodge: Dodged            |    78 |   131 |   100 ||   309
Block: Buckler           |    12 |    46 |    34 ||    92

Table legend: (Time is in decaauts)
 A = Elapsed time spent in this place.
 B = Non-inter-level travel time spent in this place.
 C = Inter-level travel time spent in this place.
 D = Time resting spent in this place.
 E = Time spent auto-exploring this place.
 F = Levels seen in this place.
 G = Mean time per level.
                   A        B        C        D        E       F      G
               +--------+--------+--------+--------+--------+-----+--------+
         Total |   4964 |   4640 |    324 |     59 |   2843 |   7 |  709.1 |
       Dungeon |   4848 |   4539 |    309 |     59 |   2756 |   6 |  808.0 |
        Temple |    115 |    100 |     15 |      0 |     87 |   1 |  115.0 |
               +--------+--------+--------+--------+--------+-----+--------+

Top non-repeatable levels by time:
     D:1: 1766 daAuts
     D:3: 1154 daAuts
     D:4: 820 daAuts
     D:2: 721 daAuts
     D:5: 330 daAuts
  Temple: 115 daAuts
     D:6: 55 daAuts
